 Dungeon Crawl Stone Soup version 0.28-a0-381-g937acc2988 (webtiles) character file.

Game seed: 7017249284669212015

325628 sanka the Sensei (level 20, -12/165 HPs)
             Began as a Grey Draconian Monk on Sept 1, 2021.
             Was a High Priest of Okawaru.
             Killed from afar by a starcursed mass (14 damage)
             ... with an accursed screaming
             ... while paralysed by accursed screaming
             ... on level 3 of the Abyss.
             The game lasted 02:04:04 (49666 turns).

sanka the Sensei (Grey Draconian Monk)             Turns: 49666, Time: 02:04:04

Health: -12/165    AC: 30    Str: 16      XL:     20   Next: 74%
Magic:  26/26      EV:  2    Int: 10 (12) God:    Okawaru [*****.]
Gold:   4479       SH:  0    Dex: 22      Spells: 25/31 levels left

rFire   + . .      SeeInvis +     - Unarmed
rCold   + . .      Faith    +   X - +3 buckler "Ustramyw" {rF+ Regen+ rCorr}
rNeg    . . .      Spirit   .   (armour unavailable)
rPois   .          Reflect  .   m - +2 hat {Will+}
rElec   .          Harm     .   M - +2 cloak {Will+}
rCorr   +          Rampage  .   b - +2 pair of gloves {archery}
Will    +++..      Rnd*Tele +   q - +2 pair of boots "Siedei" {rC+ Str+3 SInv Stlth-}
Stlth   +.........              B - amulet of faith
HPRegen 0.00/turn               U - +6 ring of dexterity
MPRegen 0.20/turn               y - +4 ring of protection

@: paralysed, inhibited regen, unable to read
A: AC +15, amphibious, unfitting armour, cold-blooded, deterioration 1, low mp
1, noise suppression, [clumsy 2], [frail 1], [inhibited regeneration],
[teleportitis 3], [weak 1], [no potion heal 2], [inability to read while
threatened]
}: 2/15 runes: decaying, serpentine
a: Renounce Religion, Heroism, Finesse, Duel


You were on level 3 of the Abyss.
You worshipped Okawaru.
Okawaru was extremely pleased with you.
You visited 7 branches of the dungeon, and saw 33 of its levels.
You visited the Abyss 1 time.
You also visited: Ossuary, Gauntlet and Volcano.

You collected 5241 gold pieces.
You spent 762 gold pieces at shops.


Innate Abilities, Weirdness & Mutations

Your dull iron-grey scales are very hard. (AC +15)
You are amphibious.
You cannot fit into any form of body armour.
You are cold-blooded and may be slowed by cold attacks.
Your body sometimes deteriorates upon taking damage.
Your magical capacity is low. (-10% MP)
You passively dampen the noise of your surroundings.
[You are very clumsy. (Dex -4)]
[You are frail. (-10% HP)]
[You do not regenerate when monsters are visible.]
[You are often teleported next to monsters.]
[You are weak. (Str -2)]
[Potions cannot restore your health.]
[You sometimes lose the ability to read scrolls when taking damage.]


   Skills:
 - Level 17.5 Fighting
 - Level 16.8 Dodging
 - Level 1.7 Stealth
 - Level 22.0 Unarmed Combat
 - Level 6.0 Spellcasting
 + Level 4.3 Translocations
 - Level 12.0 Transmutations
 - Level 12.0 Invocations


You had 25 spell levels left.
You knew the following spells:

 Your Spells              Type           Power      Damage    Failure   Level
e - Apportation           Tloc           22%        N/A       6%          1
z - Blade Hands           Tmut           13%        N/A       7%          5

Your spell library contained the following spells:

 Spells                   Type           Power      Damage    Failure   Level
 Sting                    Tmut/Pois      60%        1d6       3%          1
 Blink                    Tloc           N/A        N/A       9%          2
 Gell's Gravitas          Tloc           5%         N/A       19%         3
 Lesser Beckoning         Tloc           11%        N/A       19%         3
 Teleport Other           Tloc           11%        N/A       19%         3
 Ignite Poison            Fire/Tmut/Pois 11%        N/A       21%         3
 Corona                   Hex            3%         N/A       34%         1
 Pain                     Necr           12%        1d4       34%         1
 Sandblast                Erth           6%         2d5       34%         1
 Shock                    Conj/Air       12%        1d3       34%         1
 Corpse Rot               Necr/Air       N/A        N/A       45%         2
 Ensorcelled Hibernation  Hex/Ice        6%         N/A       45%         2
 Poisonous Vapours        Pois/Air       6%         N/A       45%         2
 Passage of Golubria      Tloc           N/A        N/A       52%         4
 Yara's Violent Unravell  Hex/Tmut       7%         3d5       63%         5
 Conjure Flame            Conj/Fire      3%         6-21      71%         3
 Frozen Ramparts          Ice            6%         1d2       71%         3
 Inner Flame              Hex/Fire       3%         N/A       71%         3
 Ozocubu's Armour         Ice            3%         N/A       71%         3
 Stone Arrow              Conj/Erth      6%         3d7       71%         3
 Swiftness                Air            3%         N/A       71%         3
 Manifold Assault         Tloc           11%        N/A       86%         5
 Airstrike                Air            1%         N/A       98%         4
 Cause Fear               Hex            1%         N/A       98%         4
 Dispel Undead            Necr           3%         3d7       98%         4
 Hailstorm                Conj/Ice       3%         3d3       98%         4
 Leda's Liquefaction      Hex/Erth       1%         N/A       98%         4
 Olgreb's Toxic Radiance  Pois           3%         N/A       98%         4
 Sticky Flame             Conj/Fire      3%         2d3       98%         4
 Eringya's Noxious Bog    Tmut/Pois      7%         N/A       99%         6
 Statue Form              Tmut/Erth      10%        N/A       99%         6
 Bolt of Magma            Conj/Fire/Erth 1%         4d4       100%        5
 Borgnjor's Vile Clutch   Necr/Erth      1%         N/A       100%        5
 Metabolic Englaciation   Hex/Ice        1%         N/A       100%        5
 Dispersal                Tloc           5%         N/A       100%        6
 Iron Shot                Conj/Erth      1%         9d1       100%        6
 Discord                  Hex            1%         N/A       100%        8
 Lehudib's Crystal Spear  Conj/Erth      1%         10d2      100%        8
 Animate Skeleton         Necr           Unusable   N/A       N/A         1
 Summon Small Mammal      Summ           Unusable   N/A       N/A         1
 Tukima's Dance           Hex            Unusable   N/A       N/A         3
 Animate Armour           Summ/Erth      Unusable   N/A       N/A         4
 Animate Dead             Necr           Unusable   N/A       N/A         4
 Summon Forest            Summ/Tloc      Unusable   N/A       N/A         5
 Death Channel            Necr           Unusable   N/A       N/A         6
 Simulacrum               Ice/Necr       Unusable   N/A       N/A         6
 Haunt                    Necr/Summ      Unusable   N/A       N/A         7
 Summon Hydra             Summ           Unusable   N/A       N/A         7
 Infestation              Necr           Unusable   N/A       N/A         8

Inventory:

Hand Weapons
 a - a +1 long sword of distortion
Missiles
 E - 8 throwing nets {=f}
 F - 22 silver javelins
 S - 4 curare-tipped darts {=f}
Armour
 b - a +2 pair of gloves of archery (worn)
 m - a +2 hat of willpower (worn)
 q - the +2 pair of boots "Siedei" (worn) {rC+ Str+3 SInv Stlth-}

   Str:       It affects your strength (+3).
   rC:        It protects you from cold.
   SInv:      It lets you see invisible.
   Stlth:     It makes you less stealthy.
 L - the +2 ratskin cloak {*Rats rPois rN+ Str-1 Int-1 Dex+1} When the wearer is hurt, rats may emerge from it to assist them. Str: It affects your strength (-1). Int: It affects your intelligence (-1). Dex: It affects your dexterity (+1). rPois: It protects you from poison. rN: It protects you from negative energy.
 M - a +2 cloak of willpower (worn)
 X - the +3 buckler "Ustramyw" (worn) {rF+ Regen+ rCorr} rF: It protects you from fire. Regen: It increases your rate of health regeneration. rCorr: It protects you from acid and corrosion.
 Y - the +0 pair of gloves of the Black Moon {rElec rPois} rElec: It insulates you from electricity. rPois: It protects you from poison.
Magical Staves
 v - a staff of air
Jewellery
 t - the ring of Goplit Vurit {rCorr Int+2}

   [ring of resist corrosion]

   Int:       It affects your intelligence (+2).
   rCorr:     It protects you from acid and corrosion.
 y - a +4 ring of protection (right hand)
 B - an amulet of faith (around neck)
 D - a ring of flight
 U - a +6 ring of dexterity (left hand)
 V - a ring of willpower
 W - an amulet of regeneration
 Z - a ring of fire
Wands
 e - a wand of iceblast (30)
 h - a wand of mindburst (68)
 n - a wand of paralysis (49)
 u - a wand of digging (14)
 w - a wand of flame (57)
 x - a wand of acid (14)
 R - a wand of polymorph (15)
Scrolls
 l - 2 scrolls of fog
 p - 2 scrolls of magic mapping
 r - a scroll of immolation {!r}
 s - 2 scrolls of holy word
 H - 3 scrolls of blinking
 K - 4 scrolls of teleportation {@r4}
 O - 4 scrolls of vulnerability {!r}
 P - a scroll of silence {!r}
 Q - 4 scrolls of fear
 T - 3 scrolls of identify {@r1}
Potions
 c - 13 potions of heal wounds {@q2}
 d - 11 potions of haste {@q3}
 f - 3 potions of invisibility
 g - 8 potions of lignification {!q}
 i - 6 potions of attraction {!q}
 j - 17 potions of curing {@q1}
 k - 2 potions of cancellation
 o - a potion of resistance
 z - 4 potions of berserk rage {!q}
 A - 4 potions of magic
 C - 2 potions of brilliance
 G - 3 potions of flight
 I - 8 potions of mutation {!q}
 J - 4 potions of might
 N - 9 potions of ambrosia

Dungeon Overview and Level Annotations

Branches:
Dungeon (15/15)            Temple (1/1) D:4            Lair (6/6) D:10
  Swamp (4/4) Lair:2        Snake (4/4) Lair:2        Slime (0/5) Lair:6
    Orc (2/2) D:12            Elf (0/3) Orc:2        Vaults (1/5) D:14
 Depths (0/5) D:15        Ossuary (visited)         Volcano (visited)
Gauntlet (visited)

Altars:
Dithmenos
Elyvilon
Fedhas
Hepliaklqana
Kikubaaqudgha
Makhleb
Nemelex Xobeh
Okawaru
Qazlal
Sif Muna
Uskayaw
Vehumet
Xom
Beogh
Jiyva

Shops:
D:7 *   D:11 [   Orc:2 (!(:   Snake:3 :==   Vaults:1 !

Portals:
Trove: D:10 (show abyssal rune of Zot)

..▒...... ▒.▒.......
▒▒.▒......▒▒▒
▒▒▒▒▒.▒▒......... ▒
....▒......≈.... ▒
.▒.........▒
▒▒......X...▒ . ▒
........X..▒....
▒.▒▒▒...Xd...≈..▒ ..
▒....XXX....... ▒
......▒≈▒≈▒...▒..
...▒............▒ .
.
.......≈...........
. ....≈.....▒..▒...
▒..▒...▒.......▒....
..▒...........


You could see 6 starcursed masses.


Message History

The starcursed mass completely misses you.
Unknown command.
You punch the starcursed mass!
You tail-slap the starcursed mass, but do no damage.
The starcursed mass is severely damaged.
The starcursed mass shudders and is absorbed by its neighbour.
The starcursed mass completely misses you.
Unknown command.
Unknown command.
You feel less invigorated.
You feel less confused.
You can read scrolls again.
The starcursed mass completely misses you.
The starcursed mass closely misses you. You block the starcursed mass's attack.
Unknown command.
You hit the starcursed mass.
You tail-slap the starcursed mass, but do no damage.
The starcursed mass is heavily damaged.
The starcursed mass shudders and is absorbed by its neighbour.
A starcursed mass splits.
A deafening chorus of shrieks assaults your mind!
* * * LOW HITPOINT WARNING * * *
You suddenly lose the ability to move!
A starcursed mass splits.
The starcursed mass touches you but does no damage.
The starcursed mass touches you but does no damage.
A deafening chorus of shrieks assaults your mind!
You feel threatened and lose the ability to read scrolls!
You die...

Action                   |  1- 3 |  4- 6 |  7- 9 | 10-12 | 13-15 | 16-18 | 19-21 || total
-------------------------+-------+-------+-------+-------+-------+-------+-------++-------
Melee: Unarmed           |   135 |   180 |   479 |   684 |  1668 |  1868 |  1333 ||  6347
       Tailslap          |    15 |    30 |    75 |   138 |   352 |   473 |   323 ||  1406
       Punch             |     1 |     4 |    23 |    23 |       |     5 |    15 ||    71
Throw: Throwing net      |       |       |     1 |     1 |     3 |       |       ||     5
 Cast: Blade Hands       |       |       |       |       |       |     8 |     9 ||    17
Invok: Heroism           |       |       |    11 |    24 |    35 |    42 |    20 ||   132
       Finesse           |       |       |       |     2 |     3 |     1 |     3 ||     9
       Duel              |       |       |       |       |     1 |       |     4 ||     5
Evoke: Wand              |       |       |       |     5 |     7 |       |       ||    12
  Use: Scroll            |       |       |       |    17 |    12 |     9 |     1 ||    39
       Potion            |       |       |       |       |     1 |     1 |     8 ||    10
 Stab: Sleeping          |     5 |     4 |    14 |     2 |     1 |     3 |       ||    29
       Held in net/web   |       |       |     1 |       |     5 |       |       ||     6
       Paralysed         |       |       |       |     3 |     4 |       |       ||     7
       Distracted        |       |       |       |       |       |     4 |     4 ||     8
       Invisible         |       |       |       |       |       |       |     1 ||     1
Armor: Skin              |    37 |    19 |   103 |   128 |   475 |   455 |   240 ||  1457
Dodge: Dodged            |    77 |    93 |   248 |   522 |  1678 |  1398 |   944 ||  4960
Block: Buckler           |       |       |       |    65 |   508 |   557 |   356 ||  1486

Levels and vault maps discovered:
D:1:      scummos_arrival_checkerplants, layout_basic, hangedman_decor_points
D:2:      layout_basic, chequers_serial_rivers_room_b, lemuel_another_geyser,
          uniq_crazy_yiuf_cottage
D:3:      layout_loops_cross, uniq_terence, uniq_jessica
D:4:      layout_cave_pods, minmay_temple_entry_overgrown,
          nicolae_ossuary_entry_catacombs, uniq_sigmund
D:5:      layout_loops_ring, kennysheep_opposing_triangles
D:6:      corexii_shantytown, layout_basic, led_sif_book, elyvilon_altar_1
D:7:      layout_basic, minmay_shop_damaged, uniq_prince_ribbit1, uniq_harold
D:8:      layout_layer_cave, uniq_maurice, uniq_psyche, uniq_erica
D:9:      layout_rooms, minmay_misc_feat_rugged, minmay_bent
D:10:     layout_layer_cave, erik_lair_orcish_takeover, enter_trove_0
D:11:     layout_basic, serial_shops, shop, grunt_dithmenos_smoke
D:12:     layout_stronghold, david_orc_5
D:13:     layout_basic, gammafunk_ghost_berserking_beasts,
          minmay_misc_feat_doors
D:14:     layout_long_grid, david_vaults_3, ebering_ghost_disaster_area,
          nicolae_hepliaklqana_hippocampus, xom_redecorated
D:15:     grunt_enter_depths_hoard, layout_basic, serial_bayou_lagoon_a,
          chequers_serial_rivers_room_a, grunt_ministairs_11,
          minmay_ruined_shrine
Temple:   regret_index_temple_chain_breaker
Lair:1:   layout_regular_city, grunt_megastairs_3
Lair:2:   layout_gridlike, minmay_swamp_entry_worms, dummy_snake_entry,
          grunt_megastairs_5
Lair:3:   layout_layer_cave, gauntlet_entry_generic,
          chequers_serial_rivers_small_3, beast_lair_carwin_11, uniq_urug
Lair:4:   layout_roguey, small_statue_intersection, grunt_megastairs_2,
          infiniplex_staircase_pool, uniq_sonja
Lair:5:   layout_roguey
Lair:6:   minmay_lair_end_enchanted_forest, layout_cave_shapes, slime_altar_1,
          nicolae_volcano_entry_batcave, special_room [special_room_bee],
          grunt_forest_small_clearings
Swamp:1:  nicolae_swamp_secret_spriggan_hideout, layout_basic_swamp,
          nicolae_swamp_dense_foliage, swamp_pool5, nicolae_swamp_godswood
Swamp:2:  layout_basic_swamp, nicolae_swamp_decorative_isthmus
Swamp:3:  nzn_winding_woodlands_cross [nzn_winding_woodlands_5x15_pool,
          nzn_winding_woodlands_5x15_split_checker,
          nzn_winding_woodlands_5x15_eye,
          nzn_winding_woodlands_5x15_pathside_ponds,
          nzn_winding_woodlands_15x15_thick_spiral], layout_falls_marsh,
          ebering_ghost_reflecting_pool, basic_altar
Swamp:4:  swamp_fiery, layout_basic_swamp, swamp_pool1,
          nicolae_swamp_tree_designs, infiniplex_staircase_pool_2
Snake:1:  layout_chambers
Snake:2:  layout_basic, uniq_vashnia, uniq_aizul
Snake:3:  layout_rooms, serial_bayou, serial_bayou_ford_a, serial_bayou_shore_a,
          serial_bayou_pond_b, serial_bayou_pond_b, minmay_shop_grove
Snake:4:  snake_pit, layout_basic
Orc:1:    layout_caves, mines2_lemuel, uniq_gastronok, uniq_erolcha
Orc:2:    kennysheep_orc_mage_school, layout_caves, uniq_donald, uniq_nessos,
          uniq_jorgrun
Vaults:1: nicolae_vaults_network_periphery, ontoclasm_vaults_gateway, v_misc_12,
          vaults_dpeg_cross, nicolae_vaults_little_squares_1, v_misc_2,
          vaults_standard_mumra_x, hangedman_vaults_unwind, v_misc_18,
          v_misc_16, vaults_room_stairs_pillars, layout_vaults_omnicross,
          serial_shops, nicolae_square_shop
Abyss:3:  base: Orc:2, hangedman_summoners_spam, abyss_furniture_001,
          bh_abyss_xom_lugonu_altar, minivault_25_ag, minivault_4,
          evilmike_nicolae_abyss_rune_betentacled_crabyss,
          evilmike_abyss_exit_mutagenic,
          dshaligram_kb_abyss_rune_zappy_water_cross, minivault_13, base: D:14,
          minivault_26, evilmike_abyss_exit_chaos,
          nicolae_abyss_rune_star_stuff, nicolae_abyss_rune_star_stuff,
          nicolae_abyss_rune_star_stuff, base: Orc:1,
          kilobyte_mutagenic_chamber, hangedman_abyss_overflow_altar,
          nicolae_abyss_rune_left_handed, minivault_5,
          kilobyte_mutagenic_chamber, nicolae_abyss_rune_left_handed,
          abyss_exit_lava, base: D:11,
          dshaligram_kb_abyss_rune_zappy_water_cross, bh_abyss_exit_grid, base:
          D:3, hangedman_decor_lopped, abyss_furniture_001

Notes
Turn   | Place    | Note
-------+----------+-------------------------------------------
     0 | D:1      | sanka the Draconian Monk began the quest for the Orb.
     0 | D:1      | Reached XP level 1. HP: 19/19 MP: 1/1
   336 | D:1      | Reached XP level 2. HP: 26/26 MP: 2/2
   481 | D:1      | Reached skill level 4 in Unarmed Combat
   625 | D:1      | Reached XP level 3. HP: 31/31 MP: 3/3
  1578 | D:2      | Found a runed translucent door.
  1579 | D:2      | Noticed Crazy Yiuf
  1931 | D:2      | Reached XP level 4. HP: 38/38 MP: 4/4
  2072 | D:2      | Reached skill level 5 in Unarmed Combat
  2450 | D:3      | Noticed Jessica
  2455 | D:3      | Killed Jessica
  2471 | D:3      | Noticed Terence
  2476 | D:3      | Reached XP level 5. HP: 11/45 MP: 5/5
  2808 | D:2      | Killed Terence
  2809 | D:2      | Reached skill level 6 in Unarmed Combat
  3851 | D:4      | Reached skill level 7 in Unarmed Combat
  3851 | D:4      | Reached XP level 6. HP: 36/51 MP: 6/6
  3910 | D:4      | Found a sand-covered staircase.
  4006 | Ossuary  | Entered an ossuary
  4177 | Ossuary  | Reached skill level 8 in Unarmed Combat
  4179 | Ossuary  | Your scales start taking on a dull iron-grey colour.
  4179 | Ossuary  | Reached XP level 7. HP: 53/57 MP: 7/7
  4487 | D:4      | Reached skill level 9 in Unarmed Combat
  4529 | D:4      | Found a staircase to the Ecumenical Temple.
  4586 | Temple   | Entered the Ecumenical Temple
  4627 | Temple   | Became a worshipper of Warmaster Okawaru
  4627 | Temple   | Reached * piety under Okawaru
  4627 | Temple   | Reached ** piety under Okawaru
  5096 | D:4      | Noticed Sigmund
  5110 | D:4      | Killed Sigmund
  5111 | D:4      | Reached XP level 8. HP: 59/63 MP: 5/8
  5505 | D:2      | Killed Crazy Yiuf
  5506 | D:2      | Reached skill level 10 in Unarmed Combat
  5665 | D:5      | Entered Level 5 of the Dungeon
  5672 | D:5      | Reached skill level 2 in Invocations
  5908 | D:5      | Reached skill level 3 in Invocations
  5957 | D:5      | Reached skill level 4 in Invocations
  6312 | D:5      | Reached skill level 3 in Dodging
  6842 | D:6      | Reached skill level 4 in Fighting
  7207 | D:6      | Found a white marble altar of Elyvilon.
  7236 | D:6      | Reached *** piety under Okawaru
  7237 | D:6      | Reached XP level 9. HP: 72/72 MP: 9/12
  7392 | D:6      | Got the Almanac of Freezing Summoning
  7751 | D:6      | Reached skill level 4 in Dodging
  7800 | D:6      | Found a shimmering blue altar of Sif Muna.
  7827 | D:6      | Got Sif Muna's Handbook of the Rocks
  7960 | D:7      | Found Peextymi's Lightly-Used Armoury.
  8097 | D:7      | Reached skill level 5 in Fighting
  8097 | D:7      | Reached skill level 11 in Unarmed Combat
  8126 | D:7      | Noticed Prince Ribbit
  8171 | D:7      | Killed Prince Ribbit
  8232 | D:7      | Noticed Harold
  8248 | D:7      | Killed Harold
  8248 | D:7      | Reached **** piety under Okawaru
  8249 | D:7      | Reached skill level 6 in Fighting
  8249 | D:7      | Reached skill level 5 in Dodging
  8822 | D:8      | Noticed Psyche
  8822 | D:8      | Found the +2 ratskin cloak {*Rats rPois rN+ Str-1 Int-1
                  | Dex+1}
  9102 | D:8      | Noticed Maurice
  9117 | D:8      | Killed Maurice
  9117 | D:8      | Reached ***** piety under Okawaru
  9118 | D:8      | Reached skill level 12 in Unarmed Combat
  9118 | D:8      | Reached XP level 10. HP: 79/84 MP: 13/13
  9122 | D:8      | Killed Psyche
  9280 | D:8      | Noticed Erica
  9289 | D:8      | Killed Erica
  9290 | D:8      | Reached skill level 7 in Fighting
  9943 | D:9      | Reached skill level 6 in Dodging
  9981 | D:9      | Received a gift from Okawaru
 10282 | D:10     | Entered Level 10 of the Dungeon
 10314 | D:10     | Found a staircase to the Lair.
 10780 | D:10     | Found a portal to a secret trove of treasure.
 10959 | D:10     | Reached skill level 13 in Unarmed Combat
 11159 | D:10     | Noticed a two-headed ogre
 11166 | D:10     | Killed a two-headed ogre
 11167 | D:10     | Reached skill level 8 in Fighting
 11786 | D:11     | Found Mibaoxiep's Armour Boutique.
 11792 | D:11     | Bought a +0 pair of boots for 67 gold pieces
 11910 | D:11     | Noticed a gargoyle
 11961 | D:11     | Killed a gargoyle
 11962 | D:11     | Reached XP level 11. HP: 66/94 MP: 11/14
 12139 | D:11     | Reached skill level 5 in Invocations
 12220 | D:11     | Noticed a boulder beetle
 12242 | D:11     | Killed a boulder beetle
 12243 | D:11     | Reached skill level 6 in Invocations
 12320 | D:11     | Noticed a two-headed ogre
 12330 | D:11     | Killed a two-headed ogre
 12330 | D:11     | Received a gift from Okawaru
 12331 | D:11     | Reached skill level 7 in Invocations
 12690 | D:11     | Found a shadowy altar of Dithmenos.
 12696 | D:11     | Identified the +2 pair of boots "Siedei" {rC+ Str+3 SInv
                  | Stlth-}
 12926 | Lair:1   | Entered Level 1 of the Lair of Beasts
 12950 | Lair:1   | Reached skill level 8 in Invocations
 13159 | Lair:1   | Reached skill level 9 in Invocations
 13450 | Lair:1   | Received a gift from Okawaru
 13534 | Lair:1   | Reached skill level 10 in Invocations
 13627 | Lair:1   | Reached ****** piety under Okawaru
 13628 | Lair:1   | Reached skill level 7 in Dodging
 13769 | Lair:1   | Noticed a seven-headed hydra
 13785 | Lair:1   | Killed a seven-headed hydra
 14214 | Lair:2   | Identified the +0 ring mail of the Equator {rCorr}
 14236 | Lair:2   | Found a staircase to the Snake Pit.
 14274 | Lair:2   | Reached XP level 12. HP: 95/103 MP: 19/19
 14511 | Lair:2   | Found a staircase to the Swamp.
 14530 | Lair:2   | Received a gift from Okawaru
 14800 | Lair:2   | Reached skill level 9 in Fighting
 14800 | Lair:2   | Reached skill level 14 in Unarmed Combat
 15205 | Lair:3   | Noticed a four-headed hydra
 15213 | Lair:3   | Killed a four-headed hydra
 15461 | Lair:3   | Reached skill level 8 in Dodging
 15495 | Lair:3   | Received a gift from Okawaru
 15696 | Lair:3   | Found a gate leading to a gauntlet.
 15721 | Gauntlet | Entered a Gauntlet
 15721 | Gauntlet | Found a transporter.
 15740 | Gauntlet | Found a transporter.
 15742 | Gauntlet | Found a transporter.
 15753 | Gauntlet | Found a transporter.
 15756 | Gauntlet | Found a transporter.
 15767 | Gauntlet | Found a transporter.
 15767 | Gauntlet | Noticed an entropy weaver
 15785 | Gauntlet | Found a transporter.
 15796 | Gauntlet | Found a transporter.
 15805 | Gauntlet | Noticed a blizzard demon
 15806 | Gauntlet | Found a transporter.
 15828 | Gauntlet | Found a transporter.
 15840 | Gauntlet | Found a transporter.
 15840 | Gauntlet | Found a transporter.
 15890 | Gauntlet | Found a transporter.
 15908 | Gauntlet | Found a transporter.
 16082 | Gauntlet | Reached skill level 10 in Fighting
 16093 | Gauntlet | Identified the +1 pair of gloves "Karexut" {rPois Str+4}
 16124 | Gauntlet | Killed a blizzard demon
 16131 | Gauntlet | Identified the ring "Teedd" {Ice Will+ rCorr Slay-6}
 16246 | Gauntlet | Identified the +9 rapier "Fefuar" {spect, rC+ MP+9 Stlth+}
 16246 | Gauntlet | Noticed a minotaur
 16261 | Gauntlet | Killed a minotaur
 16262 | Gauntlet | Reached skill level 15 in Unarmed Combat
 16271 | Gauntlet | Identified a +2 robe of the Archmagi
 16521 | Lair:3   | Noticed a seven-headed hydra
 16535 | Lair:3   | Killed a seven-headed hydra
 17023 | Lair:4   | Noticed Sonja
 17031 | Lair:4   | Killed Sonja
 17127 | Lair:4   | Reached XP level 13. HP: 78/114 MP: 20/20
 17519 | Lair:4   | Reached skill level 9 in Dodging
 17915 | Lair:5   | Received a gift from Okawaru
 18512 | Lair:5   | Reached skill level 11 in Fighting
 18807 | Lair:6   | Entered Level 6 of the Lair of Beasts
 18807 | Lair:6   | Found a viscous altar of Jiyva.
 18807 | Lair:6   | Found a staircase to the Slime Pits.
 18952 | Lair:6   | Reached skill level 16 in Unarmed Combat
 19109 | Lair:6   | Found a dark tunnel.
 19128 | Volcano  | Entered a volcano
 19569 | Volcano  | Found a bloodstained altar of Trog.
 19584 | Volcano  | Received a gift from Okawaru
 20195 | Lair:6   | Reached skill level 10 in Dodging
 20743 | Lair:6   | Reached XP level 14. HP: 41/125 MP: 21/21
 21092 | Lair:6   | Reached skill level 12 in Fighting
 21377 | Lair:6   | Received a gift from Okawaru
 21563 | Lair:6   | Reached skill level 17 in Unarmed Combat
 22211 | D:12     | Found a staircase to the Orcish Mines.
 23480 | Orc:1    | Entered Level 1 of the Orcish Mines
 23531 | Orc:1    | Noticed Gastronok
 23546 | Orc:1    | Killed Gastronok
 23841 | Orc:1    | Noticed Erolcha
 23855 | Orc:1    | Killed Erolcha
 23987 | Orc:2    | Entered Level 2 of the Orcish Mines
 24095 | Orc:2    | Noticed Donald
 24096 | Orc:2    | Found a staircase to the Elven Halls.
 24096 | Orc:2    | Noticed Nessos
 24096 | Orc:2    | Noticed Jorgrun
 24458 | Orc:1    | Killed Donald
 24776 | Orc:1    | Killed Jorgrun
 24776 | Orc:1    | Received a gift from Okawaru
 24777 | Orc:1    | Reached skill level 11 in Dodging
 25091 | Orc:2    | Killed Nessos
 25506 | Orc:2    | Found an ancient bone altar of Kikubaaqudgha.
 25511 | Orc:2    | Noticed Nergalle
 25533 | Orc:2    | Killed Nergalle
 25536 | Orc:2    | Found Hayqeumn's Antique Weapon Shop.
 25545 | Orc:2    | Reached skill level 13 in Fighting
 25553 | Orc:2    | Found a radiant altar of Vehumet.
 25560 | Orc:2    | Paralysed by an orc sorcerer for 2 turns
 25757 | Orc:2    | Reached skill level 18 in Unarmed Combat
 25763 | Orc:2    | Found Unlixt's Distillery.
 25777 | Orc:2    | Paralysed by an orc sorcerer for 2 turns
 25796 | Orc:2    | Found Qupsaoco's Antique Weapon Boutique.
 25927 | Orc:2    | Found Dorgh's Book Boutique.
 26178 | Orc:1    | Noticed an orc warlord
 26482 | Arena    | Entered the Arena
 26489 | Arena    | Killed an orc warlord
 26489 | Arena    | Identified the +0 cloak "Zonlu" {Will+ Str+3} (Okawaru
                  | gifted it to you in the Arena)
 26489 | Arena    | Received a gift from Okawaru
 26776 | Orc:2    | Bought 2 potions of heal wounds for 130 gold pieces
 26776 | Orc:2    | Bought a potion of heal wounds for 65 gold pieces
 26776 | Orc:2    | Bought a potion of haste for 130 gold pieces
 26776 | Orc:2    | Bought a potion of haste for 130 gold pieces
 26899 | D:13     | Identified +0 acid dragon scales
 26961 | D:13     | Reached XP level 15. HP: 130/136 MP: 22/22
 27201 | D:13     | Found a transporter.
 27204 | D:13     | Noticed Waut's ghost (journeyman TeGl)
 27220 | D:13     | Found a transporter.
 27917 | D:13     | Killed Waut's ghost
 28329 | D:13     | Found a transporter.
 29305 | D:13     | Found a transporter.
 29854 | D:14     | Found a shimmering altar of Xom.
 29856 | D:14     | Found a shimmering altar of Xom.
 29857 | D:14     | Found a shimmering altar of Xom.
 29857 | D:14     | Found a shimmering altar of Xom.
 30561 | D:14     | Identified the +1 scale mail "Xonicuxu" {Dex+6}
 30608 | D:14     | Noticed Urug
 30674 | D:14     | Found a gate to the Vaults.
 30728 | D:14     | Killed Urug
 31013 | D:14     | Found a large runed translucent door.
 31014 | D:14     | Found a large runed translucent door.
 31014 | D:14     | Noticed Bebiodoess's ghost (journeyman DsBe)
 31439 | D:14     | Found a hazy altar of Hepliaklqana.
 31528 | D:14     | Killed Bebiodoess's ghost
 31535 | D:14     | Identified the ring of Goplit Vurit {rCorr Int+2}
 31625 | D:15     | Entered Level 15 of the Dungeon
 31687 | D:15     | Received a gift from Okawaru
 31734 | D:15     | Reached skill level 19 in Unarmed Combat
 31880 | D:15     | Identified +0 ice dragon scales
 31909 | D:15     | Found a staircase to the Depths.
 32104 | D:15     | Found a shimmering altar of Xom.
 32104 | D:15     | Noticed a frost giant
 32145 | D:15     | Killed a frost giant
 32981 | Snake:1  | Entered Level 1 of the Snake Pit
 33283 | Snake:1  | Reached skill level 20 in Unarmed Combat
 33550 | Snake:1  | Learned a level 5 spell: Blade Hands
 33617 | Snake:1  | Reached XP level 16. HP: 141/145 MP: 21/23
 34278 | Snake:1  | Received a gift from Okawaru
 34578 | Snake:2  | Noticed Aizul
 34807 | Snake:1  | Killed Aizul
 35217 | Snake:2  | Received a gift from Okawaru
 36303 | Snake:2  | Reached skill level 21 in Unarmed Combat
 36440 | Snake:2  | Noticed Vashnia
 36988 | Snake:2  | Identified the +0 kite shield "Jillexie" {rPois}
 37133 | Snake:2  | Killed Vashnia
 37509 | Snake:2  | Identified the +3 buckler "Ustramyw" {rF+ Regen+ rCorr}
                  | (Okawaru gifted it to you on level 2 of the Snake Pit)
 37509 | Snake:2  | Received a gift from Okawaru
 38100 | Snake:3  | Reached skill level 22 in Unarmed Combat
 38135 | Snake:3  | Reached skill level 1 in Transmutations
 38146 | Snake:3  | Reached skill level 1 in Spellcasting
 38236 | Snake:3  | Reached skill level 2 in Transmutations
 38289 | Snake:3  | Reached skill level 2 in Spellcasting
 38383 | Snake:3  | Reached XP level 17. HP: 135/151 MP: 21/24
 38387 | Snake:3  | Received a gift from Okawaru
 38560 | Snake:3  | Reached skill level 3 in Transmutations
 38678 | Snake:3  | Reached skill level 3 in Spellcasting
 38701 | Snake:3  | Received a gift from Okawaru
 38848 | Snake:3  | Reached skill level 4 in Transmutations
 38971 | Snake:3  | Reached skill level 4 in Spellcasting
 39091 | Snake:3  | Found Falyin's Jewellery Shop.
 39092 | Snake:3  | Found Qough's Book Shoppe.
 39093 | Snake:3  | Found Sukidd's Jewellery Shop.
 39167 | Snake:4  | Entered Level 4 of the Snake Pit
 39272 | Snake:4  | Received a gift from Okawaru
 39292 | Snake:4  | Reached skill level 5 in Transmutations
 39462 | Snake:4  | Reached skill level 5 in Spellcasting
 39675 | Snake:4  | Reached skill level 6 in Transmutations
 39877 | Snake:4  | Reached skill level 6 in Spellcasting
 39971 | Snake:4  | Reached skill level 7 in Transmutations
 40199 | Snake:4  | Reached skill level 8 in Transmutations
 40278 | Snake:4  | Identified the +0 pair of gloves of the Black Moon {rElec
                  | rPois} (Okawaru gifted it to you on level 4 of the Snake
                  | Pit)
 40278 | Snake:4  | Received a gift from Okawaru
 40446 | Snake:4  | Reached skill level 9 in Transmutations
 40796 | Snake:4  | Got a serpentine rune of Zot
 41084 | Swamp:1  | Entered Level 1 of the Swamp
 41098 | Swamp:1  | Reached skill level 10 in Transmutations
 41124 | Swamp:1  | Found a stormy altar of Qazlal.
 41489 | Swamp:1  | Reached XP level 18. HP: 154/159 MP: 27/27
 41498 | Swamp:1  | Reached skill level 11 in Transmutations
 42152 | Swamp:2  | Identified the +5 dagger of Responsibility {flame, *Noise
                  | Drain rPois SInv} (Okawaru gifted it to you on level 2 of
                  | the Swamp)
 42152 | Swamp:2  | Received a gift from Okawaru
 42473 | Swamp:2  | Reached skill level 12 in Transmutations
 42728 | Swamp:3  | Identified +0 swamp dragon scales
 42814 | Swamp:3  | Received a gift from Okawaru
 42815 | Swamp:3  | Reached skill level 11 in Invocations
 42872 | Swamp:3  | Noticed a tentacled monstrosity
 42892 | Swamp:3  | Killed a tentacled monstrosity
 42964 | Swamp:3  | Found a runed translucent door.
 42972 | Swamp:3  | Noticed Cutraceh's ghost (adept MiMo)
 42976 | Swamp:3  | Found a shimmering blue altar of Sif Muna.
 43038 | Swamp:3  | Reached skill level 12 in Invocations
 43162 | Swamp:3  | Paralysed by a fenstrider witch for 7 turns
 43173 | Swamp:3  | Reached skill level 12 in Dodging
 43265 | Swamp:3  | Reached skill level 14 in Fighting
 43456 | Swamp:3  | Received a gift from Okawaru
 43629 | Swamp:3  | Got the Reference Book on Calling and Darkness
 43788 | Swamp:3  | Killed Cutraceh's ghost
 43836 | Swamp:4  | Entered Level 4 of the Swamp
 44252 | Swamp:4  | Identified +0 swamp dragon scales
 44323 | Swamp:4  | Identified +0 swamp dragon scales
 44327 | Swamp:4  | Identified +0 steam dragon scales
 44412 | Swamp:4  | Received a gift from Okawaru
 44412 | Swamp:4  | Identified +0 fire dragon scales
 44419 | Swamp:4  | Reached skill level 15 in Fighting
 44442 | Swamp:4  | Got a decaying rune of Zot
 44473 | Swamp:4  | Reached skill level 13 in Dodging
 44475 | Swamp:4  | Identified 2 scrolls of acquirement
 45003 | D:14     | Acquired 814 gold pieces
 45005 | D:14     | Acquired 749 gold pieces
 45008 | Vaults:1 | Entered Level 1 of the Vaults
 45008 | Vaults:1 | Found Meefyvop's Distillery.
 45016 | Vaults:1 | Bought a potion of heal wounds for 50 gold pieces
 45016 | Vaults:1 | Bought 2 potions of heal wounds for 100 gold pieces
 45016 | Vaults:1 | Bought 2 potions of curing for 60 gold pieces
 45016 | Vaults:1 | Bought a potion of curing for 30 gold pieces
 45077 | Vaults:1 | Reached XP level 19. HP: 170/170 MP: 25/28
 45472 | Vaults:1 | Reached skill level 14 in Dodging
 45655 | Vaults:1 | Received a gift from Okawaru
 46112 | Vaults:1 | Reached skill level 15 in Dodging
 46456 | Vaults:1 | Gained mutation: Your body sometimes deteriorates upon
                  | taking damage. [mutagenic glow]
 46457 | Vaults:1 | Lost mutation: Your body sometimes deteriorates upon taking
                  | damage. [potion of mutation]
 46457 | Vaults:1 | Gained mutation: You passively dampen the noise of your
                  | surroundings. [potion of mutation]
 46562 | Vaults:1 | Cast into level 3 of the Abyss (unwielding a weapon of
                  | distortion)
 46571 | Abyss:3  | Identified a potion of resistance
 46842 | Abyss:3  | Identified the +5 battleaxe of the Desert {vorpal, *Corrode
                  | Fly Int+5 Stlth+} (Okawaru gifted it to you on level 3 of
                  | the Abyss)
 46842 | Abyss:3  | Received a gift from Okawaru
 46900 | Abyss:3  | Found a bloodstained altar of Trog.
 47225 | Abyss:3  | Noticed a profane servitor
 47331 | Abyss:3  | Noticed a hellephant
 47390 | Abyss:3  | Killed a hellephant
 47390 | Abyss:3  | Received a gift from Okawaru
 47393 | Abyss:3  | Found a runed translucent door.
 47442 | Abyss:3  | Reached skill level 16 in Fighting
 47518 | Abyss:3  | Noticed a profane servitor
 47549 | Abyss:3  | Killed a profane servitor
 47561 | Abyss:3  | Reached XP level 20. HP: 39/180 MP: 29/29
 47720 | Abyss:3  | HP: 12/182 [white very ugly thing (24)]
 47722 | Arena    | Entered the Arena
 47847 | Abyss:3  | Reached skill level 16 in Dodging
 48057 | Abyss:3  | Gained mutation: Your body sometimes deteriorates upon
                  | taking damage. [a neqoxec]
 48280 | Abyss:3  | Received a gift from Okawaru
 48457 | Abyss:3  | Reached skill level 17 in Fighting
 48562 | Abyss:3  | Noticed a bone dragon
 48576 | Abyss:3  | Killed a bone dragon
 48670 | Arena    | Entered the Arena
 48774 | Abyss:3  | Found a corrupted altar of Lugonu.
 48780 | Abyss:3  | Found a corrupted altar of Lugonu.
 48800 | Abyss:3  | Paralysed by you for 5 turns
 48853 | Abyss:3  | Received a gift from Okawaru
 48938 | Abyss:3  | Paralysed by accursed screaming for 1 turns
 49111 | Abyss:3  | Found a corrupted altar of Lugonu.
 49163 | Abyss:3  | Learned a level 1 spell: Apportation
 49164 | Abyss:3  | Found a corrupted altar of Lugonu.
 49188 | Abyss:3  | Found a corrupted altar of Lugonu.
 49203 | Abyss:3  | Reached skill level 1 in Translocations
 49268 | Abyss:3  | Reached skill level 2 in Translocations
 49283 | Abyss:3  | Gained mutation: Your magical capacity is low. (-10% MP) [a
                  | neqoxec]
 49307 | Abyss:3  | Reached skill level 3 in Translocations
 49314 | Arena    | Entered the Arena
 49588 | Abyss:3  | Reached skill level 4 in Translocations
 49594 | Arena    | Entered the Arena
 49647 | Abyss:3  | Paralysed by accursed screaming for 1 turns
 49654 | Abyss:3  | Paralysed by accursed screaming for 1 turns
 49661 | Abyss:3  | HP: 15/165 [starcursed mass (2)]
 49665 | Abyss:3  | HP: 2/165 [starcursed mass/accursed screaming (6)]
 49665 | Abyss:3  | Paralysed by accursed screaming for 1 turns
 49666 | Abyss:3  | Killed from afar by a starcursed mass

Vanquished Creatures
  Vashnia (Snake:2)
  A profane servitor (Abyss:3)
  A bone dragon (Abyss:3)
  A hellephant (Abyss:3)
  2 tentacled monstrosities
  Jorgrun (Orc:1)
  The ghost of Cutraceh the Executioner, an adept MiMo of Gozag (Swamp:3)
  Gastronok (Orc:1)
  12 tentacled starspawn
  A thorn hunter (Swamp:4)
  Donald (Orc:1)
  A fenstrider witch (Swamp:3)
  A revenant (Abyss:3)
  6 nagarajas
  A vault warden (Vaults:1)
  Aizul (Snake:1)
  An orc warlord (Arena)
  A frost giant (D:15)
  3 ghouls
  9 very ugly things
  2 green draconians (Abyss:3)
  4 ironbound preservers (Vaults:1)
  2 entropy weavers
  Nessos (Orc:2)
  A deep elf demonologist (Abyss:3)
  The ghost of Bebiodoess the Protected, a journeyman DsBe of Trog (D:14)
  4 dire elephants (Vaults:1)
  A black draconian (Arena)
  8 bunyips
  A minotaur (Gauntlet)
  6 eleionomae
  A blizzard demon (Gauntlet)
  2 shambling mangroves
  4 fire dragons
  2 great orbs of eyes
  21 hydras
  2 ironbound thunderhulks (Vaults:1)
  A yaktaur captain (Vaults:1)
  The ghost of Waut the Nimble, a journeyman TeGl of Uskayaw (D:13)
  Erolcha (Orc:1)
  3 ice dragons
  Harold (D:7)
  2 ghost crabs
  An ogre mage (Orc:2)
  10 anacondas
  A rakshasa (Abyss:3)
  2 spriggan air magi
  20 naga warriors
  2 salamander tyrants (Snake:4)
  4 ironbound frosthearts (Vaults:1)
  3 centaur warriors
  A satyr (Abyss:3)
  A death knight (D:15)
  4 boulder beetles
  Erica (D:8)
  7 alligators
  3 tengu warriors
  5 two-headed ogres
  6 thrashing horrors (Abyss:3)
  A spriggan berserker (Swamp:3)
  13 naga sharpshooters
  A vampire mage (Abyss:3)
  8 shock serpents
  Urug (D:14)
  4 ironbound beastmasters (Vaults:1)
  A sun demon (Abyss:3)
  35 spriggans
  Sonja (Lair:4)
  9 salamander mystics
  A fire crab (Volcano)
  Nergalle (Orc:2)
  8 wretched stars (Abyss:3)
  A skeletal warrior (D:15)
  3 spatial maelstroms (Abyss:3)
  2 sixfirhies (Abyss:3)
  A shadow wraith (Abyss:3)
  4 goliath frogs
  2 glowing orange brains
  A flayed ghost (D:15)
  14 deep trolls (Vaults:1)
  A spriggan druid (Swamp:3)
  8 sea snakes (Snake:3)
  A wizard (Vaults:1)
  4 bog bodies
  8 ironbound convokers (Vaults:1)
  8 naga ritualists
  10 swamp dragons
  A necromancer (Vaults:1)
  A phantasmal warrior (D:15)
  7 lindwurms
  2 orc knights (D:15)
  A sphinx zombie (Vaults:1)
  2 harpies (shapeshifter) (D:13)
  A harpy (D:13)
  11 mana vipers
  33 salamanders
  4 deep elf pyromancers
  9 orc sorcerers
  6 ugly things
  2 stone giant zombies
  3 will-o-the-wisps
  A worldbinder (Abyss:3)
  2 manticores
  Maurice (D:8)
  2 moths of wrath (D:13)
  3 elephants (Lair:6)
  4 cyclopes
  2 vault sentinels (Vaults:1)
  3 guardian serpents
  2 molten gargoyles (Volcano)
  A torpor snail (Lair:6)
  An apocalypse crab (Abyss:3)
  19 naga magi
  2 orange demons (Abyss:3)
  A torpor snail (shapeshifter) (D:13)
  3 gargoyles
  38 black mambas
  11 cane toads
  2 unseen horrors
  A hellion (Abyss:3)
  12 smoke demons (Abyss:3)
  A rime drake (shapeshifter) (D:14)
  Psyche (D:8)
  A dire elephant skeleton (Abyss:3)
  3 kobold demonologists
  5 yaktaurs (Vaults:1)
  2 freezing wraiths (D:15)
  5 rime drakes
  4 efreet
  5 komodo dragons
  2 tengu conjurers
  A demonic crawler (Abyss:3)
  A hellwing (Abyss:3)
  A queen bee (Lair:6)
  A tormentor (Abyss:3)
  6 ancient zymes (Abyss:3)
  4 trolls
  A jumping spider (Vaults:1)
  A bloated husk (Swamp:3)
  6 meliai
  A jumping spider (shapeshifter) (D:13)
  5 polar bears (Lair:6)
  A hydra skeleton (Abyss:3)
  24 hornets
  11 raiju (Abyss:3)
  8 tyrant leeches
  11 slime creatures
  Prince Ribbit (D:7)
  A dream sheep (Lair:6)
  A centaur simulacrum (Abyss:3)
  5 blink frogs (Lair:5)
  11 flying skulls
  4 wyverns
  2 redbacks (Vaults:1)
  21 small abominations
  Sigmund (D:4)
  5 ynoxinuls (Abyss:3)
  4 shadows
  49 yaks
  A vampire (D:13)
  A wraith (Abyss:3)
  5 basilisks
  16 humans (D:14)
  12 fire bats
  17 large abominations
  8 neqoxecs (Abyss:3)
  2 chaos spawn (Abyss:3)
  3 steam dragons
  13 vampire mosquitoes
  11 swamp worms
  6 wargs
  25 nagas
  A spatial vortex (Abyss:3)
  An acid dragon (D:13)
  15 hell hounds
  12 water moccasins
  12 swamp drakes
  3 black bears
  28 orc warriors
  2 necrophages
  3 ice beasts
  A sky beast (Abyss:3)
  3 centaurs
  7 ogres
  52 starcursed masses (Abyss:3)
  8 boggarts
  19 wolves (Lair:6)
  A phantom (D:7)
  2 elf zombies (D:4)
  3 kobold brigands
  9 bullfrogs
  2 elf skeletons (D:4)
  A gnoll sergeant (D:6)
  An earth elemental (Abyss:3)
  2 scorpions
  A water moccasin skeleton (D:6)
  26 killer bees
  3 water moccasin zombies (Ossuary)
  5 wights (Abyss:3)
  A jelly (D:5)
  3 electric eels
  5 howler monkeys
  13 lava snakes
  A quasit (Abyss:3)
  4 centaur zombies
  A bullfrog zombie (D:5)
  3 hounds
  2 human zombies (D:4)
  Crazy Yiuf (D:2)
  12 orc priests
  A gnoll shaman (D:5)
  2 iron imps (Abyss:3)
  Terence (D:2)
  Jessica (D:3)
  An iguana (D:5)
  4 human skeletons
  39 orc wizards
  A hound skeleton (D:5)
  2 mummies (Ossuary)
  2 howler monkey zombies
  15 gnolls
  4 adders
  3 white imps
  3 ufetubi
  6 adder zombies (Ossuary)
  2 worms (D:2)
  5 dart slugs
  89 orcs
  5 ball pythons
  4 endoplasms
  2 giant cockroaches (D:1)
  13 goblins
  14 hobgoblins
  4 quokkas
  3 bats
  10 frilled lizards
  5 gnoll zombies (Ossuary)
  7 hobgoblin zombies (Ossuary)
  26 kobolds
  4 kobold zombies (Ossuary)
  2 orc skeletons (D:4)
  3 orc zombies (Ossuary)
  7 rats
  A briar patch (Swamp:4)
  2 lurking horrors (Abyss:3)
  8 starspawn tentacles (Abyss:3)
1443 creatures vanquished.

Vanquished Creatures (others)
  A naga warrior (Snake:3)
  An alligator (Swamp:2)
  2 swamp dragons (Swamp:4)
  2 lindwurms (Swamp:4)
  A hornet (Swamp:3)
  4 bloated husks
  2 steam dragons (Swamp:4)
  2 vampire mosquitoes (Swamp:2)
  3 swamp drakes (Swamp:4)
  A small abomination (Abyss:3)
  2 orcs (Orc:2)
  2 briar patches (Swamp:4)
  16 foxfires
  13 fungi
  2 lurking horrors (Abyss:3)
  67 plants
  43 starspawn tentacles
164 creatures vanquished.

Grand Total: 1607 creatures vanquished
